 Dungeon Crawl Stone Soup version 0.29.1-15-g9cfb28693d (webtiles) character file.

Game seed: 14504164090893153672

710 boopmooplesden the Chopper (level 7, -2/61 HPs)
             Began as a Minotaur Berserker on Mar 8, 2023.
             Was a Priest of Trog.
             Slain by a gnoll
             ... wielding a +0 whip
              (6 damage)
             ... on level 5 of the Dungeon.
             The game lasted 00:04:56 (3917 turns).

boopmooplesden the Chopper (Minotaur Berserker)     Turns: 3917, Time: 00:04:57

Health: -2/61      AC:  6    Str: 23    XL:     7   Next: 40%
Magic:  6/6        EV: 12    Int:  4    God:    Trog [***...]
Gold:   371        SH:  0    Dex: 10    Spells: 6/6 levels left

rFire   . . .      SeeInvis .   a - +0 hand axe
rCold   . . .      Faith    .   (no shield)
rNeg    . . .      Spirit   .   e - +0 ring mail
rPois   .          Reflect  .   (helmet restricted)
rElec   .          Harm     .   (no cloak)
rCorr   .          Rampage  .   (no gloves)
Will    .....                   (no boots)
Stlth   ..........              (no amulet)
HPRegen 0.20/turn               (no ring)
MPRegen 0.10/turn               (no ring)

@: about to teleport, on berserk cooldown, slowed, very slow
A: horns 2, retaliatory headbutt
a: Renounce Religion, Berserk, Trog's Hand


You were on level 5 of the Dungeon.
You worshipped Trog.
Trog was most pleased with you.
You visited 1 branch of the dungeon, and saw 5 of its levels.
You also visited: Sewer and Ossuary.

You collected 371 gold pieces.

Inventory:

Hand Weapons
 a - a +0 hand axe (weapon)
Missiles
 c - 5 javelins (quivered)
Armour
 b - a +0 animal skin
 e - a +0 ring mail (worn)
Wands
 v - a wand of quicksilver (5)
Scrolls
 f - a scroll of magic mapping
 h - 7 scrolls of identify
 j - a scroll of teleportation
 o - a scroll of blinking {unknown}
 p - a scroll of acquirement {unknown}
 t - 2 scrolls of poison {unknown}
Potions
 d - a potion of invisibility {unknown}
 g - 3 potions of berserk rage
 i - 5 potions of degeneration {unknown}
 k - a potion of might {unknown}
 l - a potion of flight {unknown}
 m - a potion of brilliance {unknown}
 n - a potion of heal wounds {unknown}
 q - 3 potions of haste {unknown}
 r - a potion of attraction {unknown}
 s - 2 potions of curing {unknown}
 u - a potion of cancellation {unknown}


   Skills:
 + Level 5.4 Fighting
 + Level 7.2 Axes
 + Level 1.1 Throwing
 + Level 5.5 Armour
 + Level 3.7 Dodging
 + Level 0.1 Stealth


You had 6 spell levels left.
You didn't know any spells.
Your spell library was empty.

Dungeon Overview and Level Annotations

Branches:
Dungeon (6/15)             Temple (0/1) D:6           Sewer (visited)
Ossuary (visited)

Altars:
Xom
Zin

Shops:
D:1 [   D:2 (


Innate Abilities, Weirdness & Mutations

You have a pair of horns on your head.
You reflexively headbutt those who attack you in melee.


Message History

You struggle against the net.
You feel a strong urge to attack something.
You struggle against the net.
The gnoll hits you from afar with a +0 spear.
The gnoll hits you with a +0 whip.
You struggle against the net.
You feel your anger nearly subside. The gnoll hits you with a +0 whip.
The gnoll barely misses you.
You struggle against the net.
You are no longer berserk.
You are exhausted.
You feel yourself slow down.
You rip the net and break free!
The gnoll misses you.
The gnoll hits you from afar with a +0 spear.
The gnoll hits you with a +0 whip. The gnoll barely misses you. x2
You barely miss the gnoll. You hit the gnoll. The gnoll misses you.
The gnoll hits you with a +0 flail!
The gnoll hits you from afar with a +0 spear. x2
You barely miss the gnoll. Your headbutt misses the gnoll.
You barely miss the gnoll. The gnoll hits you with a +0 flail!
The gnoll hits you but does no damage. The gnoll barely misses you.
You furiously retaliate!
You headbutt the gnoll! The gnoll closely misses you.
The gnoll hits you from afar with a +0 spear.
* * * LOW HITPOINT WARNING * * *
The gnoll hits you with a +0 whip!
* * * LOW HITPOINT WARNING * * *
The gnoll hits you from afar with a +0 spear.
* * * LOW HITPOINT WARNING * * *
The gnoll closely misses you. You furiously retaliate!
You headbutt the gnoll, but do no damage.
The gnoll hits you from afar with a +0 spear.
* * * LOW HITPOINT WARNING * * *
The gnoll attacks as you move away! The gnoll closely misses you.
The gnoll attacks as you move away! The gnoll hits you but does no damage.
As you read the scroll of teleportation, it crumbles to dust.
You feel strangely unstable. The gnoll misses you. x2
The gnoll hits you with a +0 whip.
* * * LOW HITPOINT WARNING * * *
The gnoll hits you with a +0 whip.
You die...

#.# ##### . #..
#####...# #..
#.##.......## ##..#
#...........##...#
##..........#..#
##.............#
##...........g.##
##..........g.g..#
#...........@g...#
#................#
#.................#
##................#
#................#
#.................#
#................##
######........)......##
....................#


You could see 4 gnolls.

Vanquished Creatures
  A black bear (D:6)
  A centaur (D:5)
  A bullfrog (D:6)
  A howler monkey (D:6)
  2 jellies (D:5)
  2 iguanas (D:6)
  An orc wizard (D:6)
  9 mummies
  5 adders
  3 gnolls (D:6)
  2 river rats
  2 ufetubi
  3 worms
  4 orcs (D:6)
  8 ball pythons
  8 endoplasms
  4 giant cockroaches
  4 hobgoblins
  7 jackals (D:1)
  3 quokkas
  2 bats (D:1)
  5 frilled lizards
  2 gnoll zombies (Ossuary)
  4 goblins
  4 hobgoblin zombies
  6 kobolds
  2 kobold zombies (Ossuary)
  An orc zombie (Ossuary)
  12 rats
109 creatures vanquished.

Notes
Turn   | Place    | Note
-------+----------+-------------------------------------------
     0 | D:1      | boopmooplesden the Minotaur Berserker began the quest for
                  | the Orb.
     0 | D:1      | Reached XP level 1. HP: 19/19 MP: 0/0
   541 | D:1      | Reached XP level 2. HP: 20/27 MP: 1/1
   552 | D:1      | Found Juxkob's Armour Shop.
   787 | D:1      | Reached skill level 4 in Axes
   826 | D:1      | Reached ** piety under Trog
   935 | D:1      | Reached XP level 3. HP: 34/34 MP: 2/2
  1362 | D:2      | Found Tier's Weapon Shop.
  1699 | D:2      | Found a faded altar of an unknown god.
  2117 | D:3      | Found a glowing drain.
  2131 | D:3      | Reached XP level 4. HP: 41/41 MP: 3/3
  2147 | Sewer    | Entered a sewer
  2709 | D:3      | Reached XP level 5. HP: 33/47 MP: 4/4
  2822 | D:3      | You fall into a shaft and drop 3 floors!
  2839 | D:6      | Found a sand-covered staircase.
  2847 | Ossuary  | Entered an ossuary
  2860 | Ossuary  | Reached *** piety under Trog
  2861 | Ossuary  | Reached skill level 5 in Axes
  3319 | D:6      | Reached XP level 6. HP: 55/55 MP: 5/5
  3323 | D:6      | Found a staircase to the Ecumenical Temple.
  3333 | D:6      | Noticed an angel
  3334 | D:6      | Found a shimmering altar of Xom.
  3334 | D:6      | Found a glowing silver altar of Zin.
  3364 | D:6      | Reached skill level 5 in Fighting
  3364 | D:6      | Reached skill level 6 in Axes
  3588 | D:6      | Reached skill level 5 in Armour
  3660 | D:6      | Reached XP level 7. HP: 61/61 MP: 6/6
  3661 | D:6      | Reached skill level 1 in Throwing
  3697 | D:5      | Entered Level 5 of the Dungeon
  3704 | D:5      | Reached skill level 7 in Axes
  3917 | D:5      | Slain by a gnoll

Illustrated notes

Levels and vault maps discovered:
D:1:      saegor_arrival_fortress, layout_loops_ring, serial_shops, shop
D:2:      layout_basic, serial_shops, shop,
          shapermc_ecumenical_altar_totnotflames
D:3:      layout_rooms, nicolae_tso_swordbearing_angel, portal_sewer_entry_b
D:5:      layout_cave_pods, uniq_menkaure
D:6:      layout_rooms, grunt_temple_overflow_order_and_chaos_1, temple_statues,
          nicolae_ossuary_entry_giza, minmay_between

Skill      XL: |  1  2  3  4  5  6  7 |
---------------+----------------------+-----
Fighting       | 4 5 |  5.4
Axes           | 4 5 6 7 |  7.2
Armour         | 3 4 5 |  5.5
Dodging        | 3 |  3.7
Throwing       | 1 |  1.1
Stealth        | |  0.1

Action                   |  1- 3 |  4- 6 |  7- 9 || total
-------------------------+-------+-------+-------++-------
Melee: Hand axe          |   105 |   110 |    24 ||   239
       Headbutt          |    14 |    17 |     5 ||    36
       Punch             |       |     1 |       ||     1
Throw: Javelin           |       |     8 |       ||     8
Invok: Berserk           |     1 |     3 |     1 ||     5
       Trog's Hand       |       |     1 |       ||     1
  Use: Scroll            |     4 |     1 |     1 ||     6
Armor: Animal skin       |     4 |       |       ||     4
       Ring mail         |    33 |    40 |    18 ||    91
Dodge: Dodged            |    66 |    86 |    32 ||   184
